AoeStats
← Sir.Ducks

Enclosed

517857504Analyzed
1v1 RM · 22h ago on Nov 1, 2026· 40m 43s· 2 players
Game mode
Random Map
Map size
Tiny (2 player)
Population
200
Speed
Normal
Resources
Standard
Victory
Conquest
Starting age
Dark Age
Ending age
Imperial Age
RankedLock teamsTeams togetherTeam positionsShared explorationLock speedFull tech treeHidden civsTurbo modeCheats
Victory
Defeat
🇻🇪 Bulgarians · Venezuela
1354
+14
vs
🇳🇿 Georgians · New Zealand
1311
-14
Sir.Ducks
6:05 Loom
8:22 Feudal Age
9:17 Double-Bit Axe
15:26 Horse Collar
20:47 Castle Age
19:01 Fletching
19:21 Gold Mining
20:15 Bloodlines
22:44 Bow Saw
23:26 Bodkin Arrow
25:08 Husbandry
27:06 Town Watch
30:58 Padded Archer Armor
33:17 Scale Barding Armor
37:36 Leather Archer Armor
38:05 Redemption
38:48 Ballistics
BSV | Mr. Simon
6:45 Loom
9:29 Feudal Age
10:23 Double-Bit Axe
10:18 Horse Collar
11:38 Arson
11:57 Scale Mail Armor
18:01 Wheelbarrow
17:21 Gold Mining
21:08 Castle Age
20:34 Forging
20:31 Scale Barding Armor
21:38 Bloodlines
22:04 Bow Saw
22:04 Heavy Plow
22:29 Chain Mail Armor
22:36 Squires
23:54 Iron Casting
25:43 Gambesons
26:56 Gold Shaft Mining
26:44 Husbandry
29:28 Chain Barding Armor
31:07 Light Cavalry
37:52 Hand Cart
38:58 Stone Mining
Connection lost

Rejoining the realm…

Still unreachable

The connection could not be restored.

Session expired

The server has moved on; the page needs a fresh start.